 Dungeon Crawl Stone Soup version 0.20.1-1-g8b1a95d (webtiles) character file.

9751 leoctania the Cruncher (level 11, -6/151 HPs)
             Began as a Centaur Gladiator on July 13, 2017.
             Was a Priest of the Shining One.
             Mangled by an orc warrior
             ... wielding a +0 scimitar
              (8 damage)
             ... on level 10 of the Dungeon on July 14, 2017.
             The game lasted 01:40:46 (9225 turns).

leoctania the Cruncher (Centaur Gladiator)          Turns: 9225, Time: 01:40:47

Health: -6/151     AC: 25    Str: 24    XL:     11   Next: 27%
Magic:  0/14       EV:  1    Int:  7    God:    the Shining One [***...]
Gold:   545        SH:  0    Dex: 16    Spells: 14/14 levels left

rFire    . . .     SeeInvis .   M - +0 quarterstaff (flame)
rCold    . . .     Gourm    .   (shield currently unavailable)
rNeg     + + +     Faith    .   (armour currently unavailable)
rPois    +         Spirit   +   (helmet currently unavailable)
rElec    .         Reflect  .   (cloak currently unavailable)
rCorr    .         Harm     .   (gloves currently unavailable)
MR       .....     Rnd*Rage +   (no barding) Stlth +.........NoTele +
                                k - amulet of guardian spirit
Regen    0.4/turn               G - ring of positive energy
MPRegen  0.2/turn               D - +3 ring of evasion

@: mighty, tree-form, glowing
A: agile 2, berserk 1, robust 1
a: Divine Shield, Renounce Religion


You were on level 10 of the Dungeon.
You worshipped the Shining One.
The Shining One was most pleased with you.
You were not hungry.
You were a tree.
You visited 1 branch of the dungeon, and saw 10 of its levels.

You collected 545 gold pieces.

Inventory:

Hand Weapons
 g - a +1 whip of venom
 s - a +0 hunting sling
 B - a +0 flail of holy wrath
 H - a +0 shortbow
 I - a +1 dagger of holy wrath
 J - a +0 short sword of speed
 M - a +0 quarterstaff of flaming (weapon)
 O - a cursed +3 spear of freezing
 Q - a cursed -3 rapier
Missiles
 d - 2 throwing nets
 r - 94 bolts
 u - 14 sling bullets
 v - 28 poisoned needles
 x - 194 stones
 F - 5 steel javelins (quivered)
 K - 127 arrows
Armour
 b - a +1 leather armour
 c - a +1 helmet (melded)
 e - a +0 plate armour
 l - the cursed +0 helmet of Inviolability {rC+ rN+ Regen+, unknown}
   (You found it on level 8 of the Dungeon)

   It protects you from cold.
   It protects you from negative energy.
   It increases your rate of regeneration.
   It has a curse placed upon it.
 C - a +1 ring mail of fire resistance (melded)
 L - a scarf of resistance (melded)
 P - a +2 robe of the Archmagi
Magical Staves
 o - an uncursed staff of energy
Jewellery
 h - an uncursed ring of see invisible
 i - an uncursed ring of fire
 j - an uncursed ring of wizardry
 k - an amulet of guardian spirit (around neck)
 D - a +3 ring of evasion (right branch)
 G - a ring of positive energy (left branch)
 S - an uncursed amulet of magic regeneration
Wands
 w - a wand of digging (5/24)
Scrolls
 q - a scroll of amnesia
 y - 8 scrolls of remove curse
 V - a scroll of identify
Potions
 a - a potion of brilliance
 p - a potion of haste
 t - a potion of flight {unknown}
 z - a potion of ambrosia
 E - 2 potions of mutation
 N - a potion of invisibility
Books
 A - a book of Misfortune

   Spells                             Type                      Level
   a - Confusing Touch                Hexes                        1
   b - Confuse                        Hexes                        3
   c - Gell's Gravitas                Translocation                3
   d - Petrify                        Transmutation/Earth          4
   e - Metabolic Englaciation         Hexes/Ice                    5
   f - Yara's Violent Unravelling     Hexes/Transmutation          5
Comestibles
 f - 9 bread rations
 m - 9 royal jellies
 n - 5 meat rations
 T - 3 fruits


   Skills:
 + Level 7.3 Fighting
 + Level 2.9 Short Blades
 + Level 2.7(6.9) Maces & Flails
 + Level 10.0(10.1) Staves
 + Level 3.5(4.9) Slings
 + Level 2.0 Bows
 + Level 5.2(5.7) Throwing
 + Level 5.0 Armour
 + Level 5.1 Dodging
 + Level 2.2 Stealth
 + Level 3.1 Unarmed Combat
 + Level 2.3 Spellcasting
 + Level 3.5 Invocations
 + Level 2.9 Evocations


You had 14 spell levels left.
You didn't know any spells.

Dungeon Overview and Level Annotations

Branches:
Dungeon (10/15)            Temple (0/1) D:4
   Lair: D:8-11         Orc: D:9-12

Altars:
Ashenzari
Cheibriados
Dithmenos
Elyvilon
Hepliaklqana
Kikubaaqudgha
Makhleb
Okawaru
Ru
Trog
Vehumet
Xom
Yredelemnul
The Shining One

Shops:
D:7 :


Innate Abilities, Weirdness & Mutations

((You have hooves in place of feet.))
((Armour fits poorly on your strangely shaped body.))
((You cover ground very quickly.))
((You have extremely tough skin. (AC +3)))
You are very agile. (Dex +4)
You tend to lose your temper in combat.
You are robust. (+10% HP)


Message History

A yak comes into view.
You hit the orc warrior. You burn the orc warrior.
The orc warrior is heavily wounded.
The yak gores you!
* * * LOW HITPOINT WARNING * * *
It was a potion of lignification.
You turn into a tree.
Your scarf of resistance melds into your body.
Your +1 helmet melds into your body.
Your +1 ring mail of fire resistance melds into your body.
You feel hot and cold all over.
You feel less resistant to fire.
Your roots penetrate the ground.
The orc warrior hits you but does no damage.
The yak gores you.
* * * LOW HITPOINT WARNING * * *
The yak gores the fungus!
A human comes into view. It is wielding a club.
You barely miss the orc warrior.
The orc warrior is heavily wounded.
The orc warrior hits you with a scimitar!
You die...

#.# #.... .. #.#
........ .......
.. #.#
.......##P.....P
#^#
.......#.....P..
#.#
.......#...P...P
#..
..........P.P.P
#.#
#........P..#
P.P. #.#
#...........+
P.P.. #.#
#......♣YP.P#


..PPP #.# #.....YoP.P.####P.P.. #......YYP......P.... ..#+####p.P†...PP.... .
.......P...PP.... .Y......P.......# .. .......#P.......+.. .......#....#...#.#
########....##'##.# You could see 4 yaks, a human and an orc warrior.

Vanquished Creatures
  A hydra (D:8)
  The ghost of appiemonkey the Fighter, a novice TrMo (D:8)
  A two-headed ogre (D:10)
  The ghost of egogrande the Cruncher, a novice OpGl of Gozag (D:7)
  Pikel (D:4)
  2 trolls (D:9)
  Grinder (D:6)
  A hornet (D:8)
  3 hippogriffs
  4 hogs (D:7)
  A human (D:7)
  Menkaure (D:7)
  Edmund (D:6)
  3 porcupines (D:10)
  Duvessa (D:6)
  3 orc warriors
  6 ice beasts
  2 sky beasts
  2 black bears
  3 ogres
  A necrophage (D:8)
  A phantom (D:5)
  4 centaurs
  2 bullfrogs
  Dowan (D:6)
  10 wights
  2 electric eels (D:8)
  A howler monkey (D:10)
  3 hounds
  A jelly (D:10)
  3 orc priests
  5 orc wizards
  3 bullfrog skeletons
  3 iguanas
  5 worker ants
  A hound skeleton (D:6)
  Robin (D:3)
  A gnoll (D:4)
  9 adders
  A shadow imp (D:9)
  An adder skeleton (D:7)
  2 worms (D:3)
  3 dart slugs
  A leopard gecko (D:6)
  32 orcs
  A giant cockroach (D:2)
  11 goblins
  10 hobgoblins
  7 kobolds
  6 quokkas
  6 bats
  2 frilled lizards
  A leopard gecko skeleton (D:7)
  3 rats
  A plant (D:8)
184 creatures vanquished.

Vanquished Creatures (others)
  2 gnolls (D:4)
  A worm (D:4)
  2 fungi (D:10)
5 creatures vanquished.

Grand Total: 189 creatures vanquished

Notes
Turn   | Place    | Note
-------+----------+-------------------------------------------
     0 | D:1      | leoctania the Centaur Gladiator began the quest for the Orb.
     0 | D:1      | Reached XP level 1. HP: 17/17 MP: 1/1
   174 | D:1      | Reached skill level 3 in Staves
   174 | D:1      | Reached XP level 2. HP: 24/24 MP: 2/2
  1279 | D:3      | Noticed Robin
  1281 | D:3      | Reached XP level 3. HP: 30/30 MP: 3/3
  1334 | D:3      | Killed Robin
  1523 | D:3      | Reached XP level 4. HP: 31/37 MP: 4/4
  2098 | D:3      | Found a glowing golden altar of the Shining One.
  2106 | D:3      | Became a worshipper of the Shining One
  2281 | D:4      | Noticed Pikel
  2281 | D:4      | Noticed a slave
  2287 | D:4      | Noticed a slave
  2289 | D:4      | Noticed a slave
  2296 | D:4      | Killed Pikel
  2296 | D:4      | Reached skill level 5 in Staves
  2296 | D:4      | Reached skill level 1 in Armour
  2296 | D:4      | Reached XP level 5. HP: 27/46 MP: 5/5
  2296 | D:4      | Reached XP level 6. HP: 31/52 MP: 6/6
  2296 | D:4      | Reached XP level 7. HP: 35/58 MP: 7/7
  2734 | D:4      | Found a staircase to the Ecumenical Temple.
  2795 | D:4      | Found a shattered altar of Ashenzari.
  2892 | D:4      | Reached skill level 5 in Fighting
  2892 | D:4      | Reached skill level 6 in Staves
  2892 | D:4      | Reached XP level 8. HP: 68/68 MP: 1/11
  3136 | D:4      | Found a burning altar of Makhleb.
  3136 | D:4      | Noticed a cacodemon
  3139 | D:4      | Noticed a smoke demon
  3313 | D:4      | Found an ancient bone altar of Kikubaaqudgha.
  3459 | D:5      | Entered Level 5 of the Dungeon
  4065 | D:5      | Reached skill level 7 in Staves
  4292 | D:5      | You fall through a shaft for 2 floors!
  4330 | D:6      | Noticed Duvessa
  4339 | D:6      | Noticed Dowan
  4347 | D:6      | Killed Duvessa
  4354 | D:6      | Killed Dowan
  4530 | D:6      | Noticed Grinder
  4531 | D:6      | Paralysed by Grinder for 5 turns
  4543 | D:6      | Killed Grinder
  4543 | D:6      | Reached * piety under the Shining One
  4543 | D:6      | Reached XP level 9. HP: 63/75 MP: 10/12
  4571 | D:6      | Found a basalt altar of Yredelemnul.
  4732 | D:6      | Noticed Edmund
  4744 | D:6      | Killed Edmund
  4758 | D:6      | Identified a scroll of acquirement
  5060 | D:6      | Found an iron altar of Okawaru.
  5532 | D:7      | Found a bloodstained altar of Trog.
  5599 | D:7      | Noticed Menkaure
  5604 | D:7      | Killed Menkaure
  5604 | D:7      | Reached skill level 8 in Staves
  5668 | D:7      | Found Ewefavocw's Book Shoppe.
  5678 | D:7      | Reached skill level 1 in Bows
  5682 | D:7      | Reached ** piety under the Shining One
  5798 | D:7      | Noticed egogrande's ghost (novice OpGl)
  5847 | D:7      | Killed egogrande's ghost
  5847 | D:7      | Reached XP level 10. HP: 71/84 MP: 6/13
  6038 | D:8      | Paralysed by a hornet for 3 turns
  6248 | D:8      | Gained mutation: You tend to lose your temper in combat. [potion of mutation]
  6248 | D:8      | Gained mutation: You are agile. (Dex +2) [potion of mutation]
  6248 | D:8      | Gained mutation: You are very agile. (Dex +4) [potion of mutation]
  6248 | D:8      | Gained mutation: You are robust. (+10% HP) [potion of mutation]
  6287 | D:8      | Found a white marble altar of Elyvilon.
  6288 | D:8      | Found a snail-covered altar of Cheibriados.
  6696 | D:8      | Noticed appiemonkey's ghost (novice TrMo)
  6719 | D:8      | HP: 4/91 [appiemonkey's ghost (18)]
  7460 | D:8      | Reached skill level 9 in Staves
  7520 | D:8      | Noticed a five-headed hydra
  7534 | D:8      | Killed a five-headed hydra
  7577 | D:8      | Killed appiemonkey's ghost
  7618 | D:8      | Reached *** piety under the Shining One
  7869 | D:8      | Got a dazzling helmet
  7890 | D:9      | Reached skill level 5 in Dodging
  8069 | D:9      | Reached XP level 11. HP: 100/100 MP: 14/14
  8332 | D:9      | Found a sacrificial altar of Ru.
  8402 | D:9      | Found a radiant altar of Vehumet.
  8408 | D:9      | Reached skill level 5 in Throwing
  8452 | D:9      | Found a shadowy altar of Dithmenos.
  8457 | D:9      | Found a hazy altar of Hepliaklqana.
  8458 | D:9      | Found a shimmering altar of Xom.
  8634 | D:10     | Entered Level 10 of the Dungeon
  9042 | D:10     | Noticed a two-headed ogre
  9054 | D:10     | Killed a two-headed ogre
  9140 | D:10     | Reached skill level 5 in Armour
  9183 | D:10     | Reached skill level 10 in Staves
  9223 | D:10     | HP: 3/101 [yak (7)]
  9225 | D:10     | Mangled by an orc warrior

Skill      XL: |  1  2  3  4  5  6  7  8  9 10 11 |
---------------+----------------------------------+-----
Staves         | 3 5 6 7 8 9 10 | 10.0
Fighting       | 3 5 6 7 |  7.3
Armour         | 1 3 4 5 |  5.0
Dodging        | 3 4 5 |  5.1
Short Blades   | 2 |  2.9
Maces & Flails | 2 |  2.7
Slings         | 3 |  3.5
Throwing       | 4 5 |  5.2
Stealth        | 2 |  2.2
Unarmed Combat | 3 |  3.1
Spellcasting   | 2 |  2.3
Invocations    | 3 |  3.5
Evocations     | 2 |  2.9
Bows           | 1 2 |  2.0

Action                   |  1- 3 |  4- 6 |  7- 9 | 10-12 || total
-------------------------+-------+-------+-------+-------++-------
Melee: Quarterstaff      |    95 |    39 |   241 |   223 ||   598
       Kick              |    15 |     6 |    62 |    96 ||   179
 Fire: Shortbow          |       |       |    14 |     6 ||    20
Throw: Javelin           |       |       |       |     7 ||     7
       Stone             |       |       |       |     7 ||     7
       Throwing net      |       |       |       |     3 ||     3
  Use: Scroll            |    10 |     4 |    12 |     7 ||    33
       Potion            |       |       |     8 |     7 ||    15
  Eat: Chunk             |     1 |     1 |     2 |       ||     4
       Royal jelly       |       |       |     2 |       ||     2
       Meat ration       |       |       |     1 |     1 ||     2
       Fruit             |       |       |       |     1 ||     1
       Bread ration      |       |       |       |     1 ||     1
Armor: Leather armour    |    33 |    18 |    48 |       ||    99
       Ring mail         |       |       |    31 |    55 ||    86
       Skin              |       |       |       |     1 ||     1
Dodge: Dodged            |    47 |    10 |   110 |   113 ||   280
